 Dungeon Crawl Stone Soup version 0.27-a0-887-gcab673c142 (webtiles) character file.

Game seed: 9340867302245739792

17089 jestyr24 the Thaumaturge (level 12, -1/109 HPs)
             Began as a Demonspawn Fire Elementalist on Apr 4, 2021.
             Was a High Priest of Ashenzari.
             Slain by a white ugly thing (14 damage)
             ... on level 9 of the Dungeon.
             The game lasted 02:25:49 (15581 turns).

jestyr24 the Thaumaturge (DsFE)                    Turns: 15581, Time: 02:25:49

Health: -1/109     AC: 14    Str:  9    XL:     12   Next: 15%
Magic:  27/39      EV: 30    Int: 23    God:    Ashenzari [*****.]
Gold:   631        SH:  5    Dex: 17    Spells: 31/40 levels left

rFire    + . .     SeeInvis +   a - +7 hunting sling of the Shackled Augur {freeze, rElec Dex+3, Range, Alch} (curse)
rCold    . . .     Faith    .   j - +1 buckler of Ashenzari's Negation {Elem, Cun} (curse)
rNeg     . . .     Spirit   .   W - +2 robe "Share My Paranoia" {Will+, Range, Elem} (curse)
rPois    +         Reflect  .   w - +1 helmet of the Sibylline the Ego {Self, Melee} (curse)
rElec    +         Harm     .   H - +0 cloak "Tethered With Me" {Elem, Fort} (curse)
rCorr    .         Rampage  .   m - +0 pair of gloves
Will     +....     Clarity  +   (boots unavailable)
Stlth    +++.......             A - amulet of Ouranomancy {Acrobat rPois rF+ Int+2 Slay+3, Alch, Evo} (curse)
HPRegen  0.28/turn              o - ring "Cursed Soothsayer" {AC+4, Bglg, Cun} (curse)
MPRegen  0.26/turn              P - ring "Failure of the Welkin" {MP+9, Cun, Evo} (curse)

@: acrobatic, studying Translocations
A: talons 3, rugged brown scales 2, demonic guardian 1, foul stench 3, clarity,
mutation resistance 1, robust 1, sturdy frame 1
a: Renounce Religion, Shatter the Chains


You were on level 9 of the Dungeon.
You worshipped Ashenzari.
Ashenzari was extremely pleased with you.
You visited 2 branches of the dungeon, and saw 13 of its levels.

You collected 631 gold pieces.

Inventory:

Hand Weapons
 a - the cursed +7 hunting sling of the Shackled Augur (weapon) {freeze, rElec Dex+3, Range, Alch}
   (You found it on level 6 of the Dungeon)

   It causes projectiles fired from it to freeze those they strike, causing
   extra injury to most foes and up to half again as much damage against
   particularly susceptible opponents.
   They can also slow down cold-blooded creatures.
   It affects your dexterity (+3).
   It insulates you from electricity.
   It has a curse which improves the following skills: Ranged Combat: Slings,
   Bows, Crossbows and Throwing.
   Alchemy:   Poison Magic and Transmutations.
 I - the +4 mace of Conflict {vorpal, rF+ rN+ Dex+4 Stlth-}
   (You found it on level 7 of the Dungeon)

   It inflicts extra damage upon your enemies.
   It affects your dexterity (+4).
   It protects you from fire.
   It protects you from negative energy.
   It makes you less stealthy.
Missiles
 g - 18 boomerangs
 v - 42 poisoned darts
 B - 259 stones (quivered ammo)
 G - 111 sling bullets
Armour
 j - the cursed +1 buckler of Ashenzari's Negation (worn) {Elem, Cun}
   (You found it on level 1 of the Dungeon)

   It has a curse which improves the following skills: Elements: Fire Magic, Ice
   Magic, Air Magic and Earth Magic.
   Cunning:   Dodging and Stealth.
 k - a +0 ring mail of cold resistance
 m - a +0 pair of gloves (worn)
 r - a +2 robe of fire resistance
 w - the cursed +1 helmet of the Sibylline the Ego (worn) {Self, Melee}
   (You found it on level 1 of the Dungeon)

   It has a curse which improves the following skills: Introspection: Fighting
   and Spellcasting.
   Melee Combat: Short Blades, Long Blades, Axes, Maces & Flails, Polearms,
   Staves and Unarmed Combat.
 y - a +0 scale mail
 H - the cursed +0 cloak "Tethered With Me" (worn) {Elem, Fort}
   (You took it off Crazy Yiuf on level 2 of the Dungeon)

   It has a curse which improves the following skills: Elements: Fire Magic, Ice
   Magic, Air Magic and Earth Magic.
   Fortitude: Armour and Shields.
 J - a +0 kite shield
 K - a +0 leather armour of cold resistance
 L - a +0 helmet
 T - a +0 pair of gloves
 W - the cursed +2 robe "Share My Paranoia" (worn) {Will+, Range, Elem}
   (You found it on level 11 of the Dungeon)

   It has a curse which improves the following skills: Ranged Combat: Slings,
   Bows, Crossbows and Throwing.
   Elements:  Fire Magic, Ice Magic, Air Magic and Earth Magic.
 X - a +0 hat of stealth
Magical Staves
 b - a staff of fire
 u - a staff of earth
Jewellery
 o - the cursed ring "Cursed Soothsayer" (left hand) {AC+4, Bglg, Cun}
   (You found it on level 3 of the Dungeon)

   [ring of protection]

   It affects your AC (+4).
   It has a curse which improves the following skills: Beguiling: Conjurations,
   Hexes and Translocations.
   Cunning:   Dodging and Stealth.
 A - the cursed amulet of Ouranomancy (around neck) {Acrobat rPois rF+ Int+2 Slay+3, Alch, Evo}
   (You acquired it on level 6 of the Dungeon)

   [amulet of the acrobat]

   It increases your evasion while moving and waiting.
   It affects your intelligence (+2).
   It affects your accuracy and damage with ranged weapons and melee attacks
   (+3).
   It protects you from fire.
   It protects you from poison.
   It has a curse which improves the following skills: Alchemy: Poison Magic and
   Transmutations.
   Evocations: Evocations.
 P - the cursed ring "Failure of the Welkin" (right hand) {MP+9, Cun, Evo}
   (You found it on level 9 of the Dungeon)

   [ring of magical power]

   It affects your magic capacity (+9).
   It has a curse which improves the following skills: Cunning: Dodging and
   Stealth.
   Evocations: Evocations.
 S - a ring of resist corrosion
 V - a ring of magical power
Wands
 C - a wand of digging (4)
 N - a wand of acid (11)
 U - a wand of flame (27)
Scrolls
 d - 2 scrolls of silence
 f - a scroll of enchant weapon
 h - 3 scrolls of magic mapping
 i - 6 scrolls of enchant armour
 n - 3 scrolls of brand weapon
 p - a scroll of fear
 D - a scroll of teleportation
 F - 3 scrolls of immolation
 M - 2 scrolls of fog
 Q - 2 scrolls of amnesia
Potions
 c - 2 potions of might
 e - a potion of brilliance
 l - a potion of ambrosia
 s - 2 potions of flight
 t - 2 potions of resistance
 x - 2 potions of mutation
 z - 3 potions of curing
 E - a potion of magic
 O - a potion of invisibility
 R - a potion of berserk rage


   Skills:
 * Level 6.6(9.3) Fighting
 - Level 2.4(6.5) Dodging
 - Level 1.8(5.4) Stealth
 - Level 0.1(0.5) Shields
 * Level 12.5(14.8) Spellcasting
 * Level 7.3(10.0) Conjurations
 - Level 4.5(7.1) Hexes
 + Level 9.2(14.2) Fire Magic


You had 31 spell levels left.
You knew the following spells:

 Your Spells              Type           Power      Damage    Failure   Level
a - Foxfire               Conj/Fire      100%       2x1d9     1%          1
b - Inner Flame           Hex/Fire       60%        N/A       1%          3
c - Fireball              Conj/Fire      32%        3d14      1%          5

Your spell library contained the following spells:

 Spells                   Type           Power      Damage    Failure   Level
 Conjure Flame            Conj/Fire      64%        6-21      1%          3
 Sticky Flame             Conj/Fire      64%        2d8       1%          4
 Cause Fear               Hex            24%        N/A       2%          4
 Silence                  Hex/Air        17%        N/A       28%         5
 Yara's Violent Unravell  Hex/Tmut       17%        3d8       30%         5
 Discord                  Hex            24%        N/A       100%        8


Dungeon Overview and Level Annotations

Branches:
Dungeon (12/15)            Temple (1/1) D:4            Lair (0/6) D:11
    Orc (0/2) D:12

Altars:
Ashenzari
Cheibriados
Dithmenos
Elyvilon
Fedhas
Gozag
Hepliaklqana
Kikubaaqudgha
Makhleb
Nemelex Xobeh
Okawaru
Qazlal
Ru
Sif Muna
Trog
Uskayaw
Vehumet
Wu Jian
Xom
Yredelemnul
Zin
The Shining One

Shops:
D:4 [   D:5 :   D:7 !*=[=

Portals:
Abyss: D:9

Annotations:
D:9 1 transporter, Dvallin's ghost, journeyman DjAE


Innate Abilities, Weirdness & Mutations

You have claws for feet.
You are mostly covered in rugged brown scales. (AC +2, +5% HP)
A weak demonic guardian rushes to your aid.
You frequently emit foul miasma when damaged in melee.
You possess an exceptional clarity of mind.
You are somewhat resistant to further mutation.
You are robust. (+10% HP)
Your movements are slightly less encumbered by armour. (ER -2)


Message History

What are your orders? t - Shout!
Orders for allies: a - Attack new target. p - Attack previous target. r - Retreat! s - Stop attacking. g - Guard the area. f - Follow me.
Anything else - Cancel.
Gang up on whom?
Press: ? - help, Dir - move target, f/p - Dvallin's ghost
Aim: Dvallin's ghost, wielding a weapon of flaming (heavily damaged, inner flame, ally target) Attack!
Dvallin's ghost's inner flame fades away.
Dvallin's ghost casts a spell.
Dvallin's ghost blinks!
Your ice devil closely misses Dvallin's ghost.
Fire: 260 stones
Press: ? - help, Q - select action, (/) - cycle Shift-Dir - straight line, f/p - Dvallin's ghost
Aim: Dvallin's ghost, wielding a weapon of flaming (heavily damaged, ally target, 58% to hit)
You shoot a stone.
The stone closely misses Dvallin's ghost.
You block Dvallin's ghost's attack.
Your ice devil misses Dvallin's ghost.
Dvallin's ghost hits you!
* * * LOW HITPOINT WARNING * * *
Dvallin's ghost burns you.
* * * LOW HITPOINT WARNING * * *
Your ice devil hits Dvallin's ghost.
Your ice devil freezes Dvallin's ghost!!
Your ice devil barely misses Dvallin's ghost.
Dvallin's ghost hits your ice devil. Dvallin's ghost burns your ice devil.
Your ice devil misses Dvallin's ghost.
Things that are here:
a stone; a +0 great sword of distortion Dvallin's ghost hits your ice devil!
Dvallin's ghost burns your ice devil.
Your ice devil hits Dvallin's ghost but does no damage.
You see here a stone.
Dvallin's ghost hits your ice devil. Dvallin's ghost burns your ice devil.
Your ice devil misses Dvallin's ghost.
Something hits your ice devil but does no damage.
You see here a stone.
The white ugly thing engulfs you!
You die...

####..........#.{###...###?##.###
.....######.#.##.{.##..#..#x#.###
###########.#..#§#..####§#.##.###
###### ###...##.##.....#:##.....
.## ###..##.#§.#..#^)##....## .##
###..#©∩###.©.##{#....### .##
###..####..####..###..## .##
###...##..##.###...##.## .##
###...##@##....##x#.#.## .##
###..##(#u###...##..#.### '###
###..#..###(##..##x##.###
...########..##.4(W.[#©.#..#..###
...########...####..##..##$#....'
...'.....##.#....####....###..###
...#####..........##.........####
...########.#####............####
.<.## #####.#########.....##### #


You could see a white ugly thing, Dvallin's ghost and a friendly ice devil
(summoned).

Vanquished Creatures
  Gastronok (D:12)
  A hydra (D:12)
  A two-headed ogre (D:12)
  Urug (D:11)
  A skeletal warrior (D:9)
  Pikel (D:5)
  A deep elf pyromancer (D:10)
  An ugly thing (D:9)
  An oklob plant (D:11)
  A cyclops (D:10)
  3 centaur zombies
  A gargoyle (D:11)
  Joseph (D:7)
  A kobold demonologist (D:11)
  A komodo dragon (D:12)
  2 trolls
  A hornet (D:9)
  Prince Ribbit (D:6)
  Sigmund (D:4)
  2 shadows
  A wraith (D:11)
  3 vampires
  11 yaks
  2 wyverns
  A basilisk (D:10)
  A steam dragon (D:9)
  4 vampire mosquitoes
  2 acid dragons
  2 water moccasins
  3 small abominations (D:9)
  5 orc warriors
  A black bear (D:7)
  4 sky beasts
  2 ogres
  An ice beast (D:7)
  2 phantoms
  6 centaurs
  A lemure (D:4)
  2 kobold brigands (D:9)
  A bullfrog (D:8)
  A water moccasin skeleton (D:4)
  A killer bee (D:6)
  An electric eel (D:10)
  7 howler monkeys
  A hound (D:7)
  3 orc priests
  2 centaur skeletons (D:7)
  A jelly (D:5)
  Crazy Yiuf (D:2)
  A gnoll shaman (D:7)
  A scorpion zombie (D:5)
  3 iguanas (D:4)
  5 orc wizards
  A killer bee zombie (D:6)
  A hound skeleton (D:5)
  4 howler monkey zombies
  3 gnolls (D:7)
  2 howler monkey skeletons
  8 adders
  2 white imps
  An adder skeleton (D:4)
  2 worms
  29 orcs
  5 ball pythons
  3 bats
  3 endoplasms
  2 giant cockroaches (D:2)
  2 goblins
  7 hobgoblins
  4 jackals (D:5)
  2 quokkas
  3 frilled lizards
  19 kobolds
  8 rats
218 creatures vanquished.

Vanquished Creatures (collateral kills)
  An oklob plant (D:11)
  An ogre (D:6)
  A wyvern skeleton (D:6)
  An orc (D:4)
  A goblin (D:4)
  2 jackals (D:2)
  A quokka (D:2)
8 creatures vanquished.

Vanquished Creatures (others)
  An ancient zyme (D:9)
  480 foxfires
  14 plants
495 creatures vanquished.

Grand Total: 721 creatures vanquished

Notes
Turn   | Place    | Note
-------+----------+-------------------------------------------
     0 | D:1      | jestyr24 the Demonspawn Fire Elementalist began the quest
                  | for the Orb.
     0 | D:1      | Reached XP level 1. HP: 13/13 MP: 3/3
   438 | D:1      | Gained mutation: A weak demonic guardian rushes to your
                  | aid. [demonic ancestry]
   438 | D:1      | Reached XP level 2. HP: 19/19 MP: 3/5
   751 | D:1      | Gained mutation: You are weak. (Str -2) [potion of
                  | mutation]
   751 | D:1      | Gained mutation: You are very weak. (Str -4) [potion of
                  | mutation]
   751 | D:1      | Gained mutation: You are agile. (Dex +2) [potion of
                  | mutation]
   752 | D:1      | Lost mutation: You are very weak. (Str -4) [potion of
                  | mutation]
   752 | D:1      | Lost mutation: You are agile. (Dex +2) [potion of mutation]
   752 | D:1      | Gained mutation: You occasionally shout uncontrollably at
                  | your foes. [potion of mutation]
   752 | D:1      | Gained mutation: Armour fits poorly on your strangely
                  | shaped body. [potion of mutation]
   752 | D:1      | Gained mutation: Your movements are slightly less
                  | encumbered by armour. (ER -2) [potion of mutation]
   752 | D:1      | Gained mutation: You are agile. (Dex +2) [potion of
                  | mutation]
   753 | D:1      | Lost mutation: Armour fits poorly on your strangely shaped
                  | body. [potion of mutation]
   753 | D:1      | Lost mutation: You are agile. (Dex +2) [potion of mutation]
   753 | D:1      | Gained mutation: You are robust. (+10% HP) [potion of
                  | mutation]
   753 | D:1      | Gained mutation: You are somewhat resistant to further
                  | mutation. [potion of mutation]
   826 | D:1      | Found a faded altar of an unknown god.
  1328 | D:2      | Gained mutation: You are partially covered in rugged brown
                  | scales. (AC +1, +3% HP) [demonic ancestry]
  1328 | D:2      | Reached XP level 3. HP: 22/28 MP: 3/6
  1421 | D:2      | Found a hide-covered altar of Uskayaw.
  1765 | D:2      | Found a runed translucent door.
  1766 | D:2      | Noticed Crazy Yiuf
  2229 | D:3      | Gained mutation: You may rarely emit foul miasma when
                  | damaged in melee. [demonic ancestry]
  2229 | D:3      | Reached XP level 4. HP: 33/35 MP: 4/8
  2426 | D:3      | Reached skill level 1 in Fighting
  2973 | D:4      | Found a staircase to the Ecumenical Temple.
  2979 | Temple   | Entered the Ecumenical Temple
  3176 | Temple   | Became a worshipper of Ashenzari the Shackled
  3259 | D:4      | Gained mutation: You are mostly covered in rugged brown
                  | scales. (AC +2, +5% HP) [demonic ancestry]
  3259 | D:4      | Reached XP level 5. HP: 24/42 MP: 3/9
  3433 | D:4      | Reached skill level 3 in Spellcasting
  3438 | D:4      | Found Mashry's Antique Armour Boutique.
  3471 | D:4      | Learned a level 3 spell: Inner Flame
  3508 | D:4      | Reached skill level 1 in Hexes
  3547 | D:4      | Gained mutation: You have sharp toenails. [demonic
                  | ancestry]
  3547 | D:4      | Reached XP level 6. HP: 50/50 MP: 2/10
  3959 | D:4      | Noticed Sigmund
  3991 | D:4      | Killed Sigmund
  3992 | D:4      | Reached skill level 4 in Spellcasting
  4115 | D:4      | Lost mutation: You are weak. (Str -2) [potion of mutation]
  4115 | D:4      | Lost mutation: You occasionally shout uncontrollably at
                  | your foes. [potion of mutation]
  4115 | D:4      | Gained mutation: You possess an exceptional clarity of
                  | mind. [potion of mutation]
  4431 | D:5      | Entered Level 5 of the Dungeon
  4515 | D:5      | Found Raren's Book Shop.
  4536 | D:5      | Gained mutation: You have razor-sharp toenails. [demonic
                  | ancestry]
  4536 | D:5      | Reached XP level 7. HP: 46/56 MP: 5/13
  4668 | D:5      | Reached skill level 5 in Spellcasting
  4877 | D:5      | Noticed Pikel
  4882 | D:5      | Identified 2 scrolls of acquirement
  5017 | D:5      | Killed Pikel
  5018 | D:5      | Reached skill level 6 in Spellcasting
  5018 | D:5      | Reached skill level 5 in Fire Magic
  5018 | D:5      | Gained mutation: You sometimes emit foul miasma when
                  | damaged in melee. [demonic ancestry]
  5018 | D:5      | Reached XP level 8. HP: 64/64 MP: 9/17
  5291 | D:5      | Reached * piety under Ashenzari
  5677 | D:6      | Found a shadowy altar of Dithmenos.
  5767 | D:6      | Noticed Prince Ribbit
  6210 | D:6      | Identified the +7 hunting sling of Gluttony {freeze, rElec
                  | Dex+3}
  6489 | D:6      | Acquired the amulet "Piell" {Acrobat rPois rF+ Int+2
                  | Slay+3}
  6833 | D:6      | Reached skill level 7 in Spellcasting
  6848 | D:6      | Reached ** piety under Ashenzari
  6939 | D:6      | Killed Prince Ribbit
  6946 | D:6      | Learned a level 5 spell: Fireball
  7260 | D:6      | Reached XP level 9. HP: 64/74 MP: 16/22
  7405 | D:6      | Acquired a staff of fire
  7478 | D:7      | Noticed Joseph
  7485 | D:7      | Killed Joseph
  7486 | D:7      | Reached skill level 8 in Spellcasting
  7640 | D:7      | Found Tiebb's Jewellery Emporium.
  8327 | D:2      | Killed Crazy Yiuf
  8737 | D:7      | Found Jenaucip's Jewellery Boutique.
  8765 | D:7      | Found Sigeer's Antique Armour Boutique.
  8841 | D:7      | Found Feyryn's Distillery.
  8871 | D:7      | Reached skill level 9 in Spellcasting
  9139 | D:7      | Found Epefaz's Assorted Antiques.
  9260 | D:7      | Reached *** piety under Ashenzari
  9302 | D:7      | Identified the +4 mace of Conflict {vorpal, rF+ rN+ Dex+4
                  | Stlth-}
  9826 | D:8      | Reached **** piety under Ashenzari
  9960 | D:8      | Gained mutation: You have claws for feet. [demonic
                  | ancestry]
  9960 | D:8      | Reached XP level 10. HP: 87/87 MP: 22/25
 10741 | D:9      | Found a transporter.
 10748 | D:9      | Noticed a white ugly thing
 10748 | D:9      | Noticed a green ugly thing
 10763 | D:9      | Noticed a skeletal warrior
 10777 | D:9      | Found a transporter.
 10784 | D:9      | Found a one-way gate to the infinite horrors of the Abyss.
 10784 | D:9      | Noticed Dvallin's ghost (journeyman DjAE)
 11346 | D:9      | Found a radiant altar of Vehumet.
 11467 | D:9      | Found a sacrificial altar of Ru.
 11468 | D:9      | Found an ancient bone altar of Kikubaaqudgha.
 11468 | D:9      | Found a hide-covered altar of Uskayaw.
 11590 | D:9      | Found a hazy altar of Hepliaklqana.
 11683 | D:10     | Entered Level 10 of the Dungeon
 11884 | D:10     | Reached skill level 10 in Spellcasting
 12078 | D:10     | Noticed a cyclops
 12083 | D:10     | Killed a cyclops
 12084 | D:10     | Reached skill level 5 in Conjurations
 12424 | D:10     | Reached ***** piety under Ashenzari
 12631 | D:10     | Noticed a deep elf pyromancer
 12651 | D:10     | Killed a deep elf pyromancer
 12791 | D:10     | Reached skill level 5 in Fighting
 13057 | D:11     | Noticed a gargoyle
 13068 | D:11     | Killed a gargoyle
 13069 | D:11     | Reached XP level 11. HP: 81/97 MP: 28/28
 13173 | D:11     | Noticed an oklob plant
 13173 | D:11     | Noticed an oklob plant
 13212 | D:11     | Killed an oklob plant
 13213 | D:11     | Reached skill level 11 in Spellcasting
 13215 | D:11     | Found a staircase to the Lair.
 13644 | D:11     | Killed an oklob plant
 14110 | D:11     | Noticed Urug
 14254 | D:11     | Killed Urug
 14821 | D:12     | Found a staircase to the Orcish Mines.
 14916 | D:12     | Noticed Gastronok
 14923 | D:12     | Killed Gastronok
 14924 | D:12     | Reached skill level 12 in Spellcasting
 15078 | D:12     | Found an opulent altar of Gozag.
 15147 | D:12     | Noticed a two-headed ogre
 15158 | D:12     | Killed a two-headed ogre
 15301 | D:12     | Noticed an eight-headed hydra
 15307 | D:12     | Killed an eight-headed hydra
 15308 | D:12     | Gained mutation: You frequently emit foul miasma when
                  | damaged in melee. [demonic ancestry]
 15308 | D:12     | Reached XP level 12. HP: 109/109 MP: 21/30
 15581 | D:9      | Slain by a white ugly thing

Illustrated notes

Levels and vault maps discovered:
D:1:      shiori_angband_town, layout_basic,
          shapermc_ecumenical_altar_starsandcircs, minmay_misc_feat_rugged,
          minmay_tetromino_s4
D:2:      layout_basic, basic_altar, uniq_crazy_yiuf_cottage
D:3:      layout_loops_ring
D:4:      layout_loops_ring, minmay_temple_entry_enclosed_plants, serial_shops,
          nicolae_shop_crystal, minmay_unequal, uniq_sigmund
D:5:      layout_cave_pools, serial_shops, shop_statue, uniq_pikel
D:6:      minmay_chambers_of_fours, layout_loops_corners,
          nicolae_dithmenos_shadow_blocks, serial_co_window_serial,
          co_window_paths_b, co_window_of_opportunity_a, co_window_paths_b,
          co_window_paths_b, co_window_corner_a, co_window_paths_a,
          co_window_corner_cb, co_window_2corner, co_window_corner_cb,
          co_window_corner_b, co_window_unsneaky_path_d, co_window_broadway_b,
          co_window_paths_e, glass_columns_c, glass_columns_c, glass_columns_b,
          glass_columns_c, uniq_prince_ribbit1
D:7:      layout_basic, serial_shops, nicolae_shop_overgrown_old_shop, shop,
          shop, shop, shop, minmay_manual_mandibuliform, uniq_joseph
D:8:      lemuel_ice_spiral_2, layout_basic, chequers_serial_rivers_large_b
D:9:      layout_roguey, chequers_temple_overflow_statue_of_worship,
          nicolae_hepliaklqana_hippocampus, kennysheep_little_box,
          gammafunk_ghost_abyssal_escape
D:10:     layout_loops_corners, kennysheep_big_empty_room, lightli_minifort
D:11:     layout_basic, dpeg_oklobed_lair, uniq_urug
D:12:     layout_basic, david_orc_2, grunt_gozag_statues, uniq_nergalle,
          uniq_gastronok
Temple:   eino_temple_rhombus

Skill      XL: |  1  2  3  4  5  6  7  8  9 10 11 |
---------------+----------------------------------+-----
Fire Magic     | 3 4 5 6 8 9 |  9.2
Dodging        | 2 |  2.4
Fighting       | 1 2 4 5 6 |  6.6
Spellcasting   | 3 4 6 7 9 10 12 | 12.5
Conjurations   | 2 4 5 7 |  7.3
Hexes          | 1 2 3 4 |  4.5
Stealth        | |  1.8
Shields        | |  0.1

Action                   |  1- 3 |  4- 6 |  7- 9 | 10-12 || total
-------------------------+-------+-------+-------+-------++-------
Melee: Dagger            |    42 |    88 |    27 |       ||   157
       Unarmed           |     3 |       |       |       ||     3
       Kick              |       |     8 |     4 |       ||    12
       Staff             |       |       |     7 |       ||     7
 Fire: Hunting sling     |       |       |    18 |    87 ||   105
Throw: Boomerang         |       |     2 |       |       ||     2
 Cast: Foxfire           |    41 |    80 |   112 |    62 ||   295
       Inner Flame       |       |       |    37 |    73 ||   110
       Fireball          |       |       |     1 |    43 ||    44
Invok: Curse Item        |       |     1 |     5 |     2 ||     8
Evoke: Wand              |       |       |       |     1 ||     1
  Use: Scroll            |     7 |       |     3 |     3 ||    13
       Potion            |     3 |     1 |       |     4 ||     8
 Stab: Sleeping          |     1 |       |       |       ||     1
Armor: Robe              |    22 |    43 |    35 |    40 ||   140
Dodge: Dodged            |    48 |    48 |    69 |    78 ||   243
Block: Buckler           |     5 |    20 |    28 |    17 ||    70

Table legend: (Time is in decaauts)
 A = Elapsed time spent in this place.
 B = Non-inter-level travel time spent in this place.
 C = Inter-level travel time spent in this place.
 D = Time resting spent in this place.
 E = Time spent auto-exploring this place.
 F = Levels seen in this place.
 G = Mean time per level.
                   A        B        C        D        E       F      G
               +--------+--------+--------+--------+--------+-----+--------+
         Total |  15680 |  14844 |    836 |   3576 |   7652 |  13 | 1206.2 |
       Dungeon |  15472 |  14636 |    836 |   3576 |   7471 |  12 | 1289.3 |
        Temple |    207 |    207 |      0 |      0 |    181 |   1 |  207.0 |
               +--------+--------+--------+--------+--------+-----+--------+

Top non-repeatable levels by time:
     D:6: 2327 daAuts
    D:11: 1991 daAuts
     D:4: 1543 daAuts
     D:2: 1346 daAuts
    D:10: 1331 daAuts
     D:5: 1165 daAuts
     D:7: 1143 daAuts
     D:8: 1076 daAuts
     D:9: 1075 daAuts
     D:1: 1030 daAuts
     D:3: 930 daAuts
    D:12: 510 daAuts
  Temple: 207 daAuts
